AoeStats
← jay60809

Enclosed

503961813Analyzed
2v2 RM · 29d ago on Sep 3, 2026· 64m 45s· 4 players
Game mode
Random Map
Map size
Medium (4 player)
Population
200
Speed
Normal
Resources
Standard
Victory
Conquest
Starting age
Dark Age
Ending age
Imperial Age
RankedLock teamsTeams togetherTeam positionsShared explorationLock speedFull tech treeHidden civsTurbo modeCheats
Victory
Defeat
🇦🇺 Vietnamese · Australia
986
+15
🇦🇺 Mongols · Australia
952
+16
🇹🇼 Magyars · Taiwan
1000
-51
🇺🇸 Aztecs · United States
918
-14
PapaHewy
7:33 Loom
13:00 Feudal Age
18:43 Castle Age
18:31 Horse Collar
19:42 Husbandry
20:51 Double-Bit Axe
25:03 Elite Skirmisher
25:35 Fletching
27:33 Bodkin Arrow
28:29 Bow Saw
29:36 Thumb Ring
30:25 Bloodlines
36:25 Imperial Age
35:28 Wheelbarrow
36:58 Onager
37:48 Bracer
37:59 Forging
37:56 Scale Barding Armor
38:35 Ballistics
37:59 Cavalier
40:09 Heavy Plow
40:03 Gold Mining
41:23 Chemistry
39:54 Imperial Skirmisher
42:54 Hand Cart
42:27 Town Watch
45:35 Gold Shaft Mining
45:56 Iron Casting
45:43 Chain Barding Armor
47:00 Elite Mangudai
60:37 Drill
60:39 Conscription
59:50 Sappers
60:56 Hoardings
62:00 Heavy Camel Rider
Krahhyz
9:28 Feudal Age
13:43 Double-Bit Axe
16:02 Horse Collar
22:52 Castle Age
21:30 Fletching
23:50 Bodkin Arrow
24:36 Wheelbarrow
24:14 Bow Saw
24:00 Crossbowman
24:21 Pikeman
24:40 Elite Skirmisher
27:11 Loom
32:54 Scale Mail Armor
34:00 Ballistics
36:39 Imperial Age
34:59 Forging
34:51 Padded Archer Armor
36:08 Thumb Ring
36:44 Halberdier
37:45 Arbalester
41:01 Squires
41:33 Bracer
43:21 Leather Archer Armor
44:09 Chemistry
43:39 Imperial Skirmisher
48:27 Ring Archer Armor
48:14 Chain Mail Armor
48:34 Iron Casting
51:06 Two-Man Saw
50:38 Hand Cart
50:59 Plate Mail Armor
55:19 Siege Engineers
Teblu
4:28 Loom
15:04 Feudal Age
15:52 Man-at-Arms
24:38 Castle Age
25:54 Crossbowman
29:26 Fletching
32:20 Double-Bit Axe
32:46 Horse Collar
34:14 Eagle Warrior
35:04 Scale Mail Armor
35:15 Forging
37:39 Bow Saw
40:00 Squires
49:43 Imperial Age
51:32 Elite Eagle Warrior
52:46 Chain Mail Armor
53:14 Iron Casting
jay60809
5:56 Loom
10:38 Feudal Age
11:21 Double-Bit Axe
11:48 Horse Collar
18:06 Castle Age
18:54 Wheelbarrow
19:25 Bow Saw
19:17 Heavy Plow
25:42 Bloodlines
25:15 Light Cavalry
26:48 Husbandry
27:06 Scale Barding Armor
29:16 Chain Barding Armor
31:22 Gold Mining
31:25 Stone Mining
31:53 Hand Cart
37:35 Imperial Age
37:20 Corvinian Army
38:41 Conscription
37:42 Elite Magyar Huszar
39:01 Plate Barding Armor
39:46 Two-Man Saw
39:18 Crop Rotation
39:31 Recurve Bow
38:56 Hussar
40:36 Ballistics
41:17 Chemistry
41:54 Fletching
42:05 Padded Archer Armor
45:08 Elite Skirmisher
45:46 Bodkin Arrow
46:14 Leather Archer Armor
47:12 Bracer
48:19 Ring Archer Armor
50:59 Parthian Tactics
51:37 Heavy Cavalry Archer
58:27 Siege Engineers
Connection lost

Rejoining the realm…

Still unreachable

The connection could not be restored.

Session expired

The server has moved on; the page needs a fresh start.